 Dungeon Crawl Stone Soup version 0.26.0-7-g794d0892b4 (webtiles) character file.

Game seed: 5932754250802215365

165 Gauvater the Shield-Bearer (level 5, -31/63 HPs)
             Began as a Formicid Fighter on Jan 11, 2021.
             Killed from afar by a jackal (33 damage)
             ... with an exploding inner flame
             ... on level 3 of the Dungeon.
             The game lasted 00:12:54 (2296 turns).

Gauvater the Shield-Bearer (Formicid Fighter)       Turns: 2296, Time: 00:13:03

Health: -31/63     AC: 22    Str: 21    XL:     5   Next: 75%
Magic:  5/5        EV:  2    Int:  8    God:
Gold:   111        SH:  9    Dex: 10    Spells: 4/4 levels left

rFire    . . .     SeeInvis .   a - +0 war axe
rCold    . . .     Faith    .   c - +0 kite shield
rNeg     + + +     Spirit   .   (armour currently unavailable)
rPois    +         Reflect  .   (helmet unavailable)
rElec    .         Harm     .   (cloak currently unavailable)
rCorr    .         Rampage  .   (gloves currently unavailable)
Will     .....                  (boots currently unavailable)
Stlth    ++........             (no amulet)
HPRegen  0.20/turn              n - ring of stealth
MPRegen  0.09/turn              i - ring of wizardry

@: lethally poisoned (-31 -> -33), tree-form
A: permanent stasis, dig shafts and tunnels, four strong arms
a: no special abilities


You were on level 3 of the Dungeon.
You were a tree.
You visited 1 branch of the dungeon, and saw 3 of its levels.

You collected 111 gold pieces.

Inventory:

Hand Weapons
 a - a +0 war axe (weapon)
 k - a +0 dagger
Missiles
 e - 41 arrows
 g - 103 sling bullets
 l - 4 boomerangs (quivered)
 m - 124 stones
 s - 13 bolts
Armour
 b - a +0 scale mail (melded)
 c - a +0 kite shield (worn)
 t - a +0 tower shield
 v - a +0 pair of boots (melded)
Jewellery
 i - a ring of wizardry (right branch)
 n - a ring of stealth (left branch)
Wands
 h - a wand of flame (25)
Scrolls
 d - a scroll of enchant weapon
 u - a scroll of fear {unknown}
Potions
 j - a potion of heal wounds
 q - a potion of cancellation {unknown}
 r - a potion of degeneration {unknown}


   Skills:
 * Level 4.1 Fighting
 + Level 3.8 Axes
 + Level 0.3 Throwing
 + Level 3.6 Armour
 + Level 1.3 Dodging
 + Level 4.3 Shields


You had 4 spell levels left.
You didn't know any spells.
Your spell library contained the following spells:

 Spells                   Type           Power        Failure   Level
 Ice Form                 Ice/Tmut       0%           98%         4
 Metabolic Englaciation   Hex/Ice        0%           100%        5
 Freezing Cloud           Conj/Ice/Air   0%           100%        6
 Ozocubu's Refrigeration  Ice            0%           100%        6
 Simulacrum               Ice/Necr       0%           100%        6


Dungeon Overview and Level Annotations

Branches:
Dungeon (3/15)

Altars:


Innate Abilities, Weirdness & Mutations

You cannot be hasted, slowed, berserked, paralysed or teleported.
You can dig through walls and to a lower floor.
Your four strong arms can wield two-handed weapons with a shield.
((You have a pair of large antennae on your head. (SInv)))


Message History

You slash the ball python! You hit the jackal.
Your shield prevents you from hitting the killer bee.
You closely miss the jackal. You barely miss the killer bee. You hit the bat.
Your shield prevents you from hitting the killer bee.
The bat explodes!
The fiery explosion engulfs the killer bee!!
The fiery explosion engulfs you!
The killer bee explodes!
The fiery explosion engulfs you.
The jackal explodes!
The fiery explosion engulfs the killer bee!
The fiery explosion engulfs the killer bee!!
The fiery explosion engulfs you!!!
Ouch! That really hurt!
* * * LOW HITPOINT WARNING * * *
The fiery explosion engulfs the jackal!!
The jackal explodes!
The fiery explosion engulfs you!!
Ouch! That really hurt!
You die...

#.....#...!.##
.............## .
.....)........# ...
..............####.....
#....................
#...........)###.....
#........§§§.## . >.#
##......§§§§§#.... #
#...#..§§♣§§..#
#####..§.§y..##
###.§##.## ....#..#
#.##. ..# ... #. ...
### ## #.


You could see a killer bee (inner flame).

Vanquished Creatures
  3 killer bees (D:3)
  7 adders (D:2)
  2 oozes (D:2)
  2 worms (D:2)
  6 dart slugs
  2 leopard geckos (D:2)
  6 bats
  6 giant cockroaches
  8 goblins
  3 hobgoblins
  14 jackals
  7 kobolds
  4 ball pythons
  5 frilled lizards
  3 rats (D:2)
78 creatures vanquished.

Notes
Turn   | Place    | Note
-------+----------+-------------------------------------------
     0 | D:1      | Gauvater the Formicid Fighter began the quest for the Orb.
     0 | D:1      | Reached XP level 1. HP: 18/18 MP: 1/1
    60 | D:1      | Reached XP level 2. HP: 18/24 MP: 2/2
    97 | D:1      | Reached XP level 3. HP: 8/29 MP: 3/3
  1133 | D:2      | Reached skill level 1 in Dodging
  1133 | D:2      | Reached XP level 4. HP: 37/37 MP: 4/4
  1438 | D:2      | Reached XP level 5. HP: 37/42 MP: 5/5
  2296 | D:3      | HP: 2/63 [/exploding inner flame (36)]
  2296 | D:3      | Killed from afar by a jackal

Illustrated notes

Levels and vault maps discovered:
D:1:      saegor_arrival_under_anarchy, layout_basic
D:2:      layout_basic
D:3:      layout_rooms, gup_sewer_entry_spiral, uniq_terence

Skill      XL: |  1  2  3  4  5 |
---------------+----------------+-----
Shields        | 4 |  4.3
Dodging        | 1 |  1.3
Axes           | 3 |  3.8
Fighting       | 4 |  4.1
Throwing       | |  0.3
Armour         | |  3.6

Action                   |  1- 3 |  4- 6 || total
-------------------------+-------+-------++-------
Melee: War axe           |   107 |   132 ||   239
Throw: Boomerang         |       |    28 ||    28
  Use: Potion            |     1 |     1 ||     2
       Scroll            |     3 |     3 ||     6
Armor: Scale mail        |    82 |    77 ||   159
       Skin              |       |    18 ||    18
Dodge: Dodged            |    66 |    51 ||   117
Block: Kite shield       |    80 |   104 ||   184
